HSSL
FRESNO HS RED WINGS @ BISHOP VEROT HS
05/13/2026
 
TOP OF THE 1ST
Fresno HS Red Wings batting - Pitching for Bishop Verot HS : RHP Pete O'Connor
Pitching: RHP Pete O'Connor
Batting: RHB Chris Osborn 0-0: Ground out 6-3 (Groundball, 6M)
Batting: LHB Jack Mitchell 0-0: Foul Ball, location: 2F
0-1: Ball
1-1: Foul Ball, location: 2F
1-2: Ground out U3 (Groundball, 3)
Batting: RHB Jack Hogan 0-0: Ball
1-0: Ball
2-0: Ball
3-0: Called Strike
3-1: Base on Balls
Batting: RHB Juan Bruno 0-0: Called Strike
0-1: Foul Ball, location: 2F
0-2: Ball
1-2: Foul Ball, location: 2F
1-2: Foul Ball, location: 2F
1-2: Strikes out swinging
Top of the 1st over - 0 run(s), 0 hit(s), 0 error(s), 1 left on base; Fresno HS 0 - Bishop Verot HS 0
BOTTOM OF THE 1ST
Bishop Verot HS batting - Pitching for Fresno HS Red Wings : RHP Jason Gutiérrez
Pitching: RHP Jason Gutiérrez
Batting: LHB Jim Hall 0-0: Fly out, F8 (Flyball, 8RM)
Batting: RHB Chris Seals 0-0: Fly out, F6 (Popup, 6D)
Batting: LHB Mitch Morales 0-0: Called Strike
0-1: Swinging Strike
0-2: Ball
1-2: Foul Ball, location: 2F
1-2: Foul Ball, location: 2F
1-2: Ball
2-2: Strikes out looking
Bottom of the 1st over - 0 run(s), 0 hit(s), 0 error(s), 0 left on base; Fresno HS 0 - Bishop Verot HS 0
TOP OF THE 2ND
Fresno HS Red Wings batting - Pitching for Bishop Verot HS : RHP Pete O'Connor
Batting: RHB Ward Dempsey 0-0: Called Strike
0-1: Fly out, F8 (Flyball, 8LS)
Batting: RHB Bobby Burks 0-0: Called Strike
0-1: Foul Ball, location: 2F
0-2: Strikes out swinging
Batting: RHB Drew Rice 0-0: Called Strike
0-1: Ground out 1-3 (Groundball, 13)
Top of the 2nd over - 0 run(s), 0 hit(s), 0 error(s), 0 left on base; Fresno HS 0 - Bishop Verot HS 0
BOTTOM OF THE 2ND
Bishop Verot HS batting - Pitching for Fresno HS Red Wings : RHP Jason Gutiérrez
Batting: RHB Bob Fitzgerald 0-0: Foul Ball, location: 2F
0-1: Swinging Strike
0-2: Foul Ball, location: 2F
0-2: SOLO HOME RUN (Line Drive, 78XD), Distance : 404 ft
Batting: LHB Pedro Padilla 0-0: Ball
1-0: Called Strike
1-1: Ball
2-1: SINGLE (Groundball, 4M)
Batting: RHB Carlos Sánchez 0-0: Ball
1-0: Called Strike
1-1: Ball
2-1: Foul Ball, location: 2F
2-2: Foul Ball, location: 2F
2-2: Strikes out swinging
Batting: RHB Stuart Mitchell 0-0: Ball
1-0: Ball
Pedro Padilla steals 2nd base
2-0: Foul Ball, location: 2F
2-1: Ball
3-1: Reached on error, E5 (Groundball, 5S)
Pedro Padilla to third
Batting: RHB George Lutz 0-0: Called Strike
0-1: SINGLE (Groundball, 3S)
Pedro Padilla scores
Stuart Mitchell to second
Batting: RHB Carson Allen 0-0: DOUBLE (Flyball, 9LM)
Stuart Mitchell scores
George Lutz to third
Batting: LHB Jim Hall 0-0: Foul Ball, location: 2F
0-1: Foul Ball, location: 2F
0-2: Ball
1-2: Ground out 4-3 (Groundball, 4)
George Lutz scores
Carson Allen to third
Batting: RHB Chris Seals 0-0: Ball
1-0: Called Strike
1-1: Ball
2-1: Swinging Strike
2-2: SINGLE (Groundball, 6MD)
Carson Allen scores
Batting: LHB Mitch Morales 0-0: Ball
1-0: Ball
2-0: Called Strike
2-1: Called Strike
2-2: Foul Ball, location: 2F
2-2: Ball
3-2: Base on Balls
Chris Seals to second
Batting: RHB Bob Fitzgerald 0-0: Fielders Choice at 2nd, 5-4 (Groundball, 56)
Bottom of the 2nd over - 5 run(s), 5 hit(s), 1 error(s), 1 left on base; Fresno HS 0 - Bishop Verot HS 5
TOP OF THE 3RD
Fresno HS Red Wings batting - Pitching for Bishop Verot HS : RHP Pete O'Connor
Batting: RHB Matt Snow 0-0: Foul Ball, location: 2F
0-1: Reached on error, E6 (Groundball, 6)
Batting: RHB Harvey Willis 0-0: SINGLE (Flyball, 89S)
Matt Snow to third
Runner from 3rd tries for Home, throw and OUT!
Harvey Willis to second
Batting: RHB Chris Osborn 0-0: 2-RUN HOME RUN (Line Drive, 7D), Distance : 394 ft
Batting: LHB Jack Mitchell 0-0: Ball
1-0: Called Strike
1-1: Foul Ball, location: 2F
1-2: Strikes out swinging
Batting: RHB Jack Hogan 0-0: Ball
1-0: Called Strike
1-1: Ball
2-1: Called Strike
2-2: Strikes out swinging
Top of the 3rd over - 2 run(s), 2 hit(s), 1 error(s), 0 left on base; Fresno HS 2 - Bishop Verot HS 5
BOTTOM OF THE 3RD
Bishop Verot HS batting - Pitching for Fresno HS Red Wings : RHP Jason Gutiérrez
Batting: LHB Pedro Padilla 0-0: Called Strike
0-1: Fly out, F3 (Popup, 3L)
Batting: RHB Carlos Sánchez 0-0: Ball
1-0: Ball
2-0: Ball
3-0: Called Strike
3-1: Called Strike
3-2: Foul Ball, location: 2F
3-2: Base on Balls
Batting: RHB Stuart Mitchell 0-0: Swinging Strike
0-1: Called Strike
Carlos Sánchez is caught stealing 2nd base
0-2: Strikes out swinging
Bottom of the 3rd over - 0 run(s), 0 hit(s), 0 error(s), 0 left on base; Fresno HS 2 - Bishop Verot HS 5
TOP OF THE 4TH
Fresno HS Red Wings batting - Pitching for Bishop Verot HS : RHP Pete O'Connor
Batting: RHB Juan Bruno 0-0: Foul Ball, location: 2F
0-1: Ball
1-1: Ball
2-1: SINGLE (Groundball, 4D)
Batting: RHB Ward Dempsey 0-0: Called Strike
0-1: Ball
1-1: Ball
2-1: Foul Ball, location: 2F
2-2: Foul Ball, location: 2F
2-2: Strikes out swinging
Batting: RHB Bobby Burks 0-0: Called Strike
0-1: Ball
1-1: Foul Ball, location: 2F
1-2: Strikes out looking
Batting: RHB Drew Rice 0-0: Ball
1-0: Ball
Juan Bruno is caught stealing 2nd base
Top of the 4th over - 0 run(s), 1 hit(s), 0 error(s), 0 left on base; Fresno HS 2 - Bishop Verot HS 5
BOTTOM OF THE 4TH
Bishop Verot HS batting - Pitching for Fresno HS Red Wings : RHP Jason Gutiérrez
Batting: RHB George Lutz 0-0: Ball
1-0: Foul Ball, location: 2F
1-1: Called Strike
1-2: Ball
2-2: Foul Ball, location: 2F
2-2: Ball
3-2: Base on Balls
Batting: RHB Carson Allen 0-0: Ball
George Lutz is caught stealing 2nd base
1-0: Ball
2-0: Ball
3-0: Called Strike
3-1: Foul Ball, location: 2F
3-2: Base on Balls
Batting: LHB Jim Hall 0-0: Called Strike
0-1: SINGLE (Line Drive, 4MD)
Carson Allen to second
Batting: RHB Chris Seals 0-0: Ball
1-0: Grounds into double play, 5-4-3 (Groundball, 56)
Bottom of the 4th over - 0 run(s), 1 hit(s), 0 error(s), 1 left on base; Fresno HS 2 - Bishop Verot HS 5
TOP OF THE 5TH
Fresno HS Red Wings batting - Pitching for Bishop Verot HS : RHP Pete O'Connor
Batting: RHB Drew Rice 0-0: Foul Ball, location: 2F
0-1: Ball
1-1: Called Strike
1-2: SINGLE (Flyball, 7S)
Batting: RHB Matt Snow 0-0: Foul Ball, location: 2F
0-1: Swinging Strike
0-2: SINGLE (Groundball, 6MD)
Drew Rice to second
Batting: RHB Harvey Willis 0-0: Fly out, F7 (Flyball, 78M)
Batting: RHB Chris Osborn 0-0: Swinging Strike
0-1: Ball
1-1: Ball
2-1: Called Strike
2-2: Fly out, F7 (Line Drive, 7S)
Batting: LHB Jack Mitchell 0-0: Ball
1-0: Foul Ball, location: 2F
1-1: 3-RUN HOME RUN (Flyball, 89XD), Distance : 408 ft
Batting: RHB Jack Hogan 0-0: Ball
1-0: Foul Ball, location: 2F
1-1: Ball
2-1: Ball
3-1: Base on Balls
Batting: RHB Juan Bruno 0-0: Fly out, F9 (Flyball, 9LM)
Top of the 5th over - 3 run(s), 3 hit(s), 0 error(s), 1 left on base; Fresno HS 5 - Bishop Verot HS 5
BOTTOM OF THE 5TH
Bishop Verot HS batting - Pitching for Fresno HS Red Wings : RHP Jason Gutiérrez
Batting: LHB Mitch Morales 0-0: Ball
1-0: Ball
2-0: Ball
3-0: Base on Balls
Pitching: RHP Greg Cooper
Batting: RHB Bob Fitzgerald 0-0: Ball
1-0: Called Strike
1-1: Ball
2-1: DOUBLE (Flyball, 8RXD)
Mitch Morales to third
Batting: LHB Pedro Padilla 0-0: Called Strike
0-1: Ball
1-1: Ground out 4-3 (Groundball, 4)
Batting: RHB Carlos Sánchez 0-0: Foul Ball, location: 2F
0-1: Ball
1-1: Ball
2-1: Ball
3-1: Base on Balls
Batting: RHB Stuart Mitchell 0-0: Ball
1-0: Swinging Strike
1-1: Foul Ball, location: 2F
1-2: Fly out, F3 (Popup, 3DF)
Batting: RHB George Lutz 0-0: Fly out, F3 (Popup, 3S)
Bottom of the 5th over - 0 run(s), 1 hit(s), 0 error(s), 3 left on base; Fresno HS 5 - Bishop Verot HS 5
TOP OF THE 6TH
Fresno HS Red Wings batting - Pitching for Bishop Verot HS : RHP Pete O'Connor
Batting: RHB Ward Dempsey 0-0: Fly out, F9 (Flyball, 9M)
Batting: RHB Bobby Burks 0-0: Foul Ball, location: 2F
0-1: Ball
1-1: Called Strike
1-2: Strikes out swinging
Batting: RHB Drew Rice 0-0: Ground out 4-3 (Groundball, 4)
Top of the 6th over - 0 run(s), 0 hit(s), 0 error(s), 0 left on base; Fresno HS 5 - Bishop Verot HS 5
BOTTOM OF THE 6TH
Bishop Verot HS batting - Pitching for Fresno HS Red Wings : RHP Greg Cooper
Batting: RHB Carson Allen 0-0: Called Strike
0-1: Called Strike
0-2: Strikes out swinging
Batting: LHB Jim Hall 0-0: Ball
1-0: SINGLE (Groundball, 6M)
Batting: RHB Chris Seals 0-0: Ball
1-0: Foul Ball, location: 2F
1-1: Foul Ball, location: 2F
1-2: Foul Ball, location: 2F
1-2: Ball
2-2: Foul Ball, location: 2F
2-2: SINGLE (Groundball, 5D)
Jim Hall to second
Batting: LHB Mitch Morales 0-0: Foul Ball, location: 2F
0-1: Foul Ball, location: 2F
0-2: Ball
1-2: Ball
2-2: Foul Ball, location: 2F
2-2: Strikes out swinging
Batting: RHB Bob Fitzgerald 0-0: Ball
1-0: Called Strike
1-1: Fly out, F9 (Flyball, 89M)
Bottom of the 6th over - 0 run(s), 2 hit(s), 0 error(s), 2 left on base; Fresno HS 5 - Bishop Verot HS 5
TOP OF THE 7TH
Fresno HS Red Wings batting - Pitching for Bishop Verot HS : RHP Pete O'Connor
Pitching: LHP Tony Molina
Batting: RHB Matt Snow 0-0: Called Strike
0-1: Ground out 5-3 (Groundball, 56)
Batting: RHB Harvey Willis 0-0: Ball
1-0: Called Strike
1-1: Swinging Strike
1-2: Strikes out swinging
Batting: RHB Chris Osborn 0-0: Foul Ball, location: 2F
0-1: Foul Ball, location: 2F
0-2: SINGLE (Flyball, 78M)
Batting: LHB Jack Mitchell 0-0: Called Strike
0-1: SINGLE (Flyball, 8LS)
Chris Osborn to second
Runner from 2nd tries for 3rd, SAFE, no throw or cutoff
Batting: RHB Jack Hogan 0-0: Called Strike
0-1: Ball
1-1: Called Strike
1-2: Ball
Wild Pitch!
Chris Osborn scores
Jack Mitchell to second
2-2: Ball
3-2: Strikes out swinging
Top of the 7th over - 1 run(s), 2 hit(s), 0 error(s), 1 left on base; Fresno HS 6 - Bishop Verot HS 5
BOTTOM OF THE 7TH
Bishop Verot HS batting - Pitching for Fresno HS Red Wings : RHP Greg Cooper
Pitching: LHP Israel Martínez
Batting: LHB Pedro Padilla 0-0: Ball
1-0: SINGLE (Groundball, 3L)
Batting: RHB Carlos Sánchez 0-0: Bunted foul
0-1: Bunted foul
0-2: SINGLE (Groundball, 56)
Pedro Padilla to second
Batting: RHB Stuart Mitchell 0-0: Ground out 4-3 (Groundball, 4MD)
Pedro Padilla to third
Carlos Sánchez to second
Batting: RHB George Lutz 0-0: Ball
1-0: Swinging Strike
1-1: Ball
2-1: Called Strike
2-2: Ball
3-2: Base on Balls
Batting: RHB Carson Allen 0-0: Ball
1-0: Ball
2-0: Ball
3-0: Called Strike
3-1: Called Strike
3-2: Foul Ball, location: 2F
3-2: Base on Balls
Pedro Padilla scores
Carlos Sánchez to third
George Lutz to second
Batting: LHB Jim Hall 0-0: Called Strike
0-1: Ball
1-1: Swinging Strike
1-2: Strikes out swinging
Batting: RHB Chris Seals 0-0: Ball
1-0: Foul Ball, location: 2F
1-1: Called Strike
1-2: SINGLE (Popup, 4D)
Carlos Sánchez scores
George Lutz to third
Carson Allen to second
Runner from 3rd tries for Home, SAFE, throw made at trailing runner, SAFE at third!
Pinch Hitting: RHB Bill Ford 0-0: Ball
1-0: Swinging Strike
1-1: Ball
2-1: Swinging Strike
2-2: SINGLE (Line Drive, 7LS)
Carson Allen scores
Chris Seals to second
Pitching: RHP Freddie Robinson
Batting: RHB Bob Fitzgerald 0-0: Swinging Strike
0-1: Fly out, F8 (Flyball, 8RM)
Bottom of the 7th over - 4 run(s), 4 hit(s), 0 error(s), 2 left on base; Fresno HS 6 - Bishop Verot HS 9
TOP OF THE 8TH
Fresno HS Red Wings batting - Pitching for Bishop Verot HS : LHP Tony Molina
Now in RF: Brian Bailey
Batting: RHB Juan Bruno 0-0: Ball
1-0: Ball
2-0: Ball
3-0: Called Strike
3-1: Base on Balls
Batting: RHB Ward Dempsey 0-0: Fly out, F7 (Flyball, 7M)
Batting: RHB Bobby Burks 0-0: Foul Ball, location: 2F
0-1: Ball
1-1: Foul Ball, location: 2F
1-2: Fly out, F7 (Flyball, 78S)
Batting: RHB Drew Rice 0-0: Ball
1-0: Called Strike
1-1: Called Strike
1-2: Ball
2-2: SINGLE (Groundball, 6MD)
Juan Bruno to second
Runner from 2nd tries for 3rd, SAFE, no throw or cutoff
Batting: RHB Matt Snow 0-0: Called Strike
0-1: Foul Ball, location: 2F
0-2: Ball
1-2: Ball
2-2: Ball
3-2: Foul Ball, location: 2F
3-2: Foul Ball, location: 2F
3-2: Strikes out swinging
Top of the 8th over - 0 run(s), 1 hit(s), 0 error(s), 2 left on base; Fresno HS 6 - Bishop Verot HS 9
BOTTOM OF THE 8TH
Bishop Verot HS batting - Pitching for Fresno HS Red Wings : RHP Freddie Robinson
Batting: LHB Pedro Padilla 0-0: Swinging Strike
0-1: Ground out 6-3 (Groundball, 6M)
Batting: RHB Carlos Sánchez 0-0: Called Strike
0-1: Ball
1-1: Ball
2-1: Ball
3-1: Foul Ball, location: 2F
3-2: Strikes out swinging
Batting: RHB Stuart Mitchell 0-0: Ball
1-0: Ball
2-0: Fly out, F4 (Popup, 4)
Bottom of the 8th over - 0 run(s), 0 hit(s), 0 error(s), 0 left on base; Fresno HS 6 - Bishop Verot HS 9
TOP OF THE 9TH
Fresno HS Red Wings batting - Pitching for Bishop Verot HS : LHP Tony Molina
Batting: RHB Harvey Willis 0-0: Ball
1-0: Called Strike
1-1: Foul Ball, location: 2F
1-2: Ball
2-2: Strikes out looking
Pitching: RHP Marcos Lozano
Batting: RHB Chris Osborn 0-0: Called Strike
0-1: Foul Ball, location: 2F
0-2: Ball
1-2: Ball
2-2: Ball
3-2: Base on Balls
Batting: LHB Jack Mitchell 0-0: Foul Ball, location: 2F
0-1: Foul Ball, location: 2F
0-2: Fly out, F6 (Popup, 6)
Batting: RHB Jack Hogan 0-0: Called Strike
0-1: Ball
1-1: Ball
2-1: Foul Ball, location: 2F
2-2: Strikes out swinging
Top of the 9th over - 0 run(s), 0 hit(s), 0 error(s), 1 left on base; Fresno HS 6 - Bishop Verot HS 9
Monday, December 5th, 2016 - OOTP Baseball 17.12 Build 75